 Dungeon Crawl Stone Soup version 0.24.0-124-g2791043dd8 (webtiles) character file.

Game seed: 14590301489786596325, levelgen mode: deterministic

3868 Gynju the Archer (level 9, -2/81 HPs)
             Began as a Centaur Hunter on Feb 13, 2020.
             Was a Priest of Okawaru.
             Slain by a killer bee (6 damage)
             ... on level 8 of the Dungeon on Feb 14, 2020.
             The game lasted 00:29:38 (11911 turns).

Gynju the Archer (Centaur Hunter)                  Turns: 11911, Time: 00:29:38

Health: -2/81      AC: 12    Str: 18    XL:     9   Next: 99%
Magic:  9/9        EV:  8    Int: 10    God:    Okawaru [***...]
Gold:   456        SH:  0    Dex: 14    Spells: 8/8 levels left

rFire    . . .     SeeInvis .   N - +7 bardiche of the Shark {freeze, rN+ Dex+4}
rCold    + . .     Gourm    .   (shield currently unavailable)
rNeg     + . .     Faith    .   F - +0 chain mail
rPois    .         Spirit   .   (no helmet)
rElec    .         Reflect  .   J - +1 cloak
rCorr    +         Harm     .   I - +0 pair of gloves
MR       .....                  (no barding)
Stlth    ..........             (no amulet)
HPRegen  0.23/turn              j - ring of protection from cold
MPRegen  0.11/turn              L - ring of resist corrosion

@: lethally poisoned (-2 -> -7), very quick
A: large, hooves 3, deformed body, speed 2, tough skin 3
a: Heroism, Renounce Religion


You were on level 8 of the Dungeon.
You worshipped Okawaru.
Okawaru was most pleased with you.
You were very hungry.

You visited 1 branch of the dungeon, and saw 8 of its levels.
You also visited: Bailey.

You collected 456 gold pieces.

Inventory:

Hand Weapons
 a - a +1 shortbow
 N - the +7 bardiche of the Shark (weapon) {freeze, rN+ Dex+4}
   (You found it in a bailey)

   It has been specially enchanted to freeze those struck by it, causing extra
   injury to most foes and up to half again as much damage against particularly
   susceptible opponents.
   It can also slow down cold-blooded creatures.
   It affects your dexterity (+4).
   It protects you from negative energy.
 O - a +2 bardiche of flaming
 P - the +1 halberd "Kulogin" {protect, Str+6 Dex+7}
   (You found it on level 8 of the Dungeon)

   It grants its wielder temporary protection when it strikes (+7 to AC).
   It affects your strength (+6).
   It affects your dexterity (+7).
 Q - the +10 spear "Gatoles" {pierce, MR++ Int-3}
   (You found it on level 8 of the Dungeon)

   It inflicts extra damage upon your enemies.
   It affects your intelligence (-3).
   It affects your resistance to hostile enchantments.
Missiles
 d - 38 arrows
 H - 2 throwing nets (quivered)
Armour
 c - a +0 leather armour
 F - a +0 chain mail (worn)
 I - a +0 pair of gloves (worn)
 J - a +1 cloak (worn)
Jewellery
 j - a ring of protection from cold (left hand)
 L - a ring of resist corrosion (right hand)
Wands
 e - a wand of iceblast (7)
 y - a wand of acid (6)
Scrolls
 h - 8 scrolls of remove curse {@r2}
 l - a scroll of amnesia {unknown}
 m - 5 scrolls of random uselessness {unknown}
 o - 5 scrolls of teleportation {unknown}
 r - 2 scrolls of enchant armour {unknown}
 u - a scroll of blinking {unknown}
 x - a scroll of immolation {unknown}
 B - a scroll of fear {unknown}
 C - a scroll of brand weapon {unknown}
 E - 2 scrolls of enchant weapon {unknown}
 K - a scroll of magic mapping
Potions
 g - a potion of magic {unknown}
 k - a potion of mutation
 n - a potion of brilliance
 p - 5 potions of berserk rage
 q - 4 potions of heal wounds
 s - 2 potions of flight
 t - 2 potions of cancellation
 z - a potion of degeneration {unknown}
 A - a potion of lignification {unknown}
 D - 3 potions of curing {@q1}
 G - a potion of invisibility {unknown}
 M - a potion of experience {unknown}
Comestibles
 f - 9 rations


   Skills:
 + Level 7.8 Fighting
 + Level 11.0 Bows
 + Level 4.4 Armour
 + Level 5.9 Dodging
 - Level 0.4 Stealth


You had 8 spell levels left.
You didn't know any spells.
Your spell library contained the following spells:

 Spells                   Type           Power        Failure   Level  Hunger
 Beastly Appendage        Tmut           #.....       99%         1    ##.....
 Freeze                   Ice            #...         99%         1    ##.....
 Sticks to Snakes         Tmut           #.......     100%        2    ###....
 Throw Frost              Conj/Ice       #.....       100%        2    ###....
 Ozocubu's Armour         Chrm/Ice       #.......     100%        3    ####...
 Spider Form              Tmut/Pois      #.........   100%        3    ####...
 Ice Form                 Ice/Tmut       #.......     100%        4    #####..
 Summon Ice Beast         Ice/Summ       #.......     100%        4    #####..
 Throw Icicle             Conj/Ice       #.......     100%        4    #####..
 Blade Hands              Tmut           #.........   100%        5    ######.


Dungeon Overview and Level Annotations

Branches:
Dungeon (8/15)             Temple (0/1) D:5          Bailey (visited)
   Lair: D:8-11

Altars:
Cheibriados
Elyvilon
Fedhas
Hepliaklqana
Nemelex Xobeh
Okawaru
Ru
Trog
Vehumet
Wu Jian
Zin
The Shining One
Beogh

Shops:
D:5 =

Annotations:
D:6 exclusions: electric eel, plant and 1 more exclusion
D:7 2 transporters


Innate Abilities, Weirdness & Mutations

You have hooves in place of feet.
Armour fits poorly on your strangely shaped body.
You cover ground very quickly.
You have extremely tough skin. (AC +3)


Message History

Your chain mail prevents you from hitting the killer bee.
You kick the killer bee.
The killer bee is heavily wounded.
You feel sick.
The killer bee stings you but does no damage.
The killer bee stings you.
* * * LOW HITPOINT WARNING * * *
The killer bee closely misses you.
The killer bee stings you but does no damage.
You slash the killer bee! You freeze the killer bee.
You kill the killer bee!
Okawaru accepts your kill.
You feel sick.
The killer bee stings you but does no damage. x2
The killer bee stings you!
* * * LOW HITPOINT WARNING * * *
You miss the killer bee.
* * * LOW HITPOINT WARNING * * *
You feel sick. The killer bee barely misses you. The killer bee stings you.
You die...

#########
#........
#############.####
.................#
#############.##.#
#### #.##@# .....
#.##y# ###..
#...y# #..### #..#
# #..# . #.y ##...
... .(... ...>


You could see 2 killer bees.

Vanquished Creatures
  A hippogriff (D:8)
  A hungry ghost (D:6)
  9 orc warriors
  3 ice beasts (D:6)
  A hornet zombie (D:8)
  2 phantoms
  2 centaurs
  3 ogres
  A crocodile (D:7)
  6 bullfrogs
  2 scorpions
  6 killer bees
  A howler monkey (D:4)
  A bullfrog zombie (D:7)
  2 crimson imps
  An orc priest (D:8)
  2 jellies
  5 hounds
  A bullfrog skeleton (D:7)
  Terence (D:3)
  6 orc wizards
  3 worker ants
  A hound skeleton (D:6)
  8 adders
  5 shadow imps
  An ooze (D:7)
  An adder skeleton (D:6)
  4 worms (D:2)
  4 dart slugs
  A leopard gecko (D:1)
  38 orcs
  8 bats
  2 giant cockroaches
  15 goblins
  7 hobgoblins
  8 jackals
  3 quokkas
  5 frilled lizards
  4 kobolds
  A leopard gecko zombie (D:5)
  2 quokka skeletons
  A quokka zombie (D:6)
  7 rats
  A bush (D:1)
187 creatures vanquished.

Vanquished Creatures (others)
  A leopard gecko (D:3)
  3 toadstools (D:3)
4 creatures vanquished.

Grand Total: 191 creatures vanquished

Notes
Turn   | Place    | Note
-------+----------+-------------------------------------------
     0 | D:1      | Gynju the Centaur Hunter began the quest for the Orb.
     0 | D:1      | Reached XP level 1. HP: 17/17 MP: 1/1
   386 | D:1      | Reached XP level 2. HP: 24/24 MP: 2/2
  1185 | D:1      | HP: 1/25 [poisoned by an adder]
  1577 | D:2      | Reached XP level 3. HP: 26/30 MP: 3/3
  1966 | D:2      | Reached skill level 6 in Bows
  2115 | D:2      | Reached XP level 4. HP: 34/38 MP: 4/4
  2958 | D:2      | Found a faded altar of an unknown god.
  3170 | D:3      | Found a blossoming altar of Fedhas.
  3335 | D:3      | Found a radiant altar of Vehumet.
  3749 | D:3      | Noticed Terence
  3766 | D:3      | Killed Terence
  3766 | D:3      | Reached XP level 5. HP: 27/45 MP: 5/5
  3995 | D:3      | Found a glowing silver altar of Zin.
  3995 | D:3      | Found a hazy altar of Hepliaklqana.
  3996 | D:3      | Found a sacrificial altar of Ru.
  4036 | D:4      | Noticed a phantom
  4063 | D:4      | Killed a phantom
  4158 | D:4      | Found an iron altar of Okawaru.
  4164 | D:4      | Became a worshipper of Warmaster Okawaru
  4241 | D:4      | Found a snail-covered altar of Cheibriados.
  4284 | D:4      | Reached skill level 7 in Bows
  4389 | D:4      | Reached XP level 6. HP: 45/52 MP: 6/6
  4698 | D:5      | Entered Level 5 of the Dungeon
  4861 | D:5      | Found a glowing golden altar of the Shining One.
  4903 | D:5      | Found a staircase to the Ecumenical Temple.
  5007 | D:5      | Found Lesyugid's Jewellery Boutique.
  5020 | D:5      | Reached * piety under Okawaru
  5385 | D:5      | Reached XP level 7. HP: 42/60 MP: 7/7
  5611 | D:5      | Found a bloodstained altar of Trog.
  5611 | D:5      | Found an iron altar of Okawaru.
  5616 | D:5      | Found a faded altar of an unknown god.
  5618 | D:5      | Found a faded altar of an unknown god.
  5620 | D:5      | Found an ornate altar of the Wu Jian Council.
  6044 | D:5      | Upgraded the game from 0.24.0-123-gd5b16e6ec5 to
                  | 0.24.0-124-g2791043dd8
  6176 | D:6      | Reached skill level 8 in Bows
  6278 | D:6      | Reached skill level 5 in Fighting
  6512 | D:6      | Found a white marble altar of Elyvilon.
  6587 | D:6      | Reached skill level 1 in Armour
  6751 | D:6      | Reached ** piety under Okawaru
  6789 | D:5      | Reached XP level 8. HP: 62/69 MP: 8/8
  7535 | D:6      | Reached skill level 9 in Bows
  8608 | D:7      | Reached XP level 9. HP: 65/78 MP: 9/9
  8734 | D:7      | Reached skill level 5 in Dodging
  8768 | D:7      | Found a sparkling altar of Nemelex Xobeh.
  8811 | D:7      | Reached skill level 10 in Bows
  8880 | D:7      | Found a roughly hewn altar of Beogh.
  9080 | D:7      | Reached *** piety under Okawaru
  9227 | D:7      | Found a transporter.
  9229 | D:7      | Found a transporter.
  9690 | D:8      | Found a flagged portal.
  9728 | D:8      | Received a gift from Okawaru
 10047 | Bailey   | Entered a bailey
 11395 | Bailey   | Noticed an orc knight
 11494 | Bailey   | Reached skill level 11 in Bows
 11737 | Bailey   | Got a twisted bardiche
 11795 | D:8      | Got a crude halberd
 11798 | D:8      | Got a slimy spear
 11815 | D:8      | Identified the +7 bardiche of the Shark {freeze, rN+ Dex+4}
                  | (You found it in a bailey)
 11817 | D:8      | Identified the cursed +1 halberd "Kulogin" {protect, Str+6
                  | Dex+7} (You found it on level 8 of the Dungeon)
 11819 | D:8      | Identified the +10 spear "Gatoles" {pierce, MR++ Int-3}
                  | (You found it on level 8 of the Dungeon)
 11911 | D:8      | HP: 4/81 [poisoned by a killer bee]
 11911 | D:8      | Slain by a killer bee

Levels and vault maps discovered:
D:1:      wheals_arrival_linesprint, layout_basic, serial_forest,
          infiniplex_forest_straight_4, infiniplex_forest_clump_diagonal,
          infiniplex_forest_lined_ring, infiniplex_forest_end_1,
          infiniplex_forest_zigzag_2, infiniplex_forest_corner_2,
          infiniplex_forest_lined_3, infiniplex_forest_join, minmay_hexomino_f4
D:2:      layout_loops_cross, chequers_ecumenical_altar_grove,
          minmay_goblin_outpost
D:3:      layout_loops_ring, old_standard_altar, gammafunk_temple_overflow_claw,
          fiery_altar_vehumet, minmay_gold_behind_fungi, minmay_misc_feat_tower,
          uniq_terence
D:4:      layout_basic, nicolae_overflow_hidden_temple, okawaru_trees_2
D:5:      layout_gridville, chequers_temple_overflow_minitemple,
          minmay_temple_entry_junction, first_ration, serial_shops, shop,
          tso_altar
D:6:      layout_gridville, kennysheep_little_box, serial_bayou_lake_a
D:7:      gammafunk_beogh_shrine, layout_cave_pools,
          nemelex_xobeh_ov_fountains_minmay
D:8:      layout_loops_ring, lightli_temple_of_fire, grunt_dithmenos_smoke,
          enter_bailey_2

Skill      XL: |  1  2  3  4  5  6  7  8  9 |
---------------+----------------------------+-----
Dodging        | 2 3 4 5 |  5.9
Bows           | 6 7 8 9 11 | 11.0
Fighting       | 3 4 5 6 7 |  7.8
Armour         | 1 3 4 |  4.4
Stealth        | |  0.4

Action                   |  1- 3 |  4- 6 |  7- 9 || total
-------------------------+-------+-------+-------++-------
Melee: Short sword       |   149 |       |       ||   149
       Kick              |    67 |    24 |    40 ||   131
       Spear             |    30 |    58 |       ||    88
       Dagger            |       |    30 |       ||    30
       Hand axe          |       |    39 |     3 ||    42
       Morningstar       |       |    15 |   208 ||   223
       Bardiche          |       |       |    14 ||    14
 Fire: Shortbow          |    47 |    69 |   330 ||   446
Invok: Heroism           |       |       |     9 ||     9
  Use: Scroll            |       |     9 |     3 ||    12
  Eat: Chunk             |     3 |     9 |    11 ||    23
       Ration            |       |       |     5 ||     5
Armor: Leather armour    |    22 |    35 |     1 ||    58
       Chain mail        |       |       |   254 ||   254
Dodge: Dodged            |    49 |    71 |   148 ||   268
